Map: Frozen Temple

Players

Fropez

  • Race: Protoss Protoss
  • League: Gold
  • Spawn Location: 11:00

MrYellow - Winner!

  • Race: Terran Terran
  • League: Gold
  • Spawn Location: 5:00

VOD

Have the link to the VOD?

Description

Time

  • Played on: Nov. 14, 2016, 10:37 a.m.
  • Length: 15:23
Show
View Real Time Build Order
Export as new Build Order

Fropez Protoss 

Build Orders:  

Get SALT Encoding   

  12  0:01  Probe (Chrono Boost)  
  13  0:12  Probe (Chrono Boost)  
  14  0:20  Pylon  
  14  0:22  Probe (Chrono Boost)  
  15  0:38  Probe (Chrono Boost)  
  15  0:39  Gateway  
  16  0:46  Assimilator  
  16  0:49  Probe (Chrono Boost)  
  17  1:00  Probe (Chrono Boost), Gateway  
  19  1:11  Probe (Chrono Boost)  
  19  1:22  Pylon, Probe (Chrono Boost)  
  20  1:31  Assimilator  
  20  1:43  Cybernetics Core  
  20  1:48  Probe (Chrono Boost)  
  21  2:06  Pylon  
  20  2:19  Adept  
  20  2:20  Adept  
  20  2:21  Mothership Core (Chrono Boost)  
  26  2:23  Warp Gate (Chrono Boost)  
  26  2:50  Nexus  
  26  2:52  Probe (Chrono Boost)  
  26  2:53  Gateway  
  27  3:02  Stalker  
  29  3:07  Stalker  
  29  3:09  Probe  
  32  3:21  Pylon  
  28  3:44  Stalker  
  28  3:46  Stalker  
  32  3:52  Probe, Stalker  
  35  4:05  Gateway  
  35  4:10  Probe  
  35  4:11  Pylon, Probe  
  37  4:28  Probe  
  37  4:29  Probe  
  39  4:37  Robotics Facility  
  39  4:42  Pylon, Probe x2  
  41  4:54  Probe  
  41  4:55  Probe  
  41  4:58  Twilight Council  
  43  5:03  Adept x2  
  43  5:06  Probe  
  48  5:09  Probe  
  49  5:17  Assimilator  
  49  5:18  Probe  
  50  5:25  Forge, Probe  
  51  5:29  Observer  
  51  5:33  Sentry x2  
  56  5:41  Resonating Glaives (Chrono Boost)  
  56  5:42  Probe  
  56  5:43  Probe  
  56  5:47  Pylon  
  58  5:58  Protoss Ground Weapons Level 1 (Chrono Boost)  
  58  6:08  Photon Cannon  
  58  6:16  Probe  
  58  6:17  Probe  
  53  6:20  Photon Cannon  
  53  6:21  Pylon  
  53  6:28  Photon Cannon  
  53  6:30  Pylon  
  53  6:32  Zealot  
  55  6:44  Probe x2  
  57  6:48  Adept x3  
  57  6:54  Immortal  
  67  7:00  Probe  
  67  7:01  Probe  
  69  7:08  Photon Cannon  
  69  7:12  Probe  
  69  7:13  Probe  
  71  7:20  Stalker x2  
  75  7:24  Probe  
  76  7:30  Stalker  
  76  7:31  Stalker  
  76  7:33  Probe  
  81  7:44  Probe  
  81  7:45  Probe  
  81  7:46  Adept x2  
  87  7:54  Immortal  
  91  8:18  Nexus  
  91  8:20  Pylon  
  91  8:43  Photon Cannon  
  91  8:47  Pylon  
  91  8:49  Pylon  
  91  8:55  Probe  
  92  8:57  Stalker  
  92  8:58  Stalker  
  92  9:00  Stalker  
  92  9:02  Stalker  
  100  9:03  Probe  
  100  9:09  Protoss Shields Level 1 (Chrono Boost)  
  101  9:22  Pylon  
  101  9:25  Pylon, Probe  
  101  9:26  Probe  
  101  9:29  Pylon, Immortal  
  107  9:46  Adept x4  
  115  10:14  Adept x4  
  115  10:17  Probe x2  
  125  10:21  Gateway  
  125  10:22  Gateway  
  125  10:26  Photon Cannon  
  125  10:30  Photon Cannon  
  125  10:34  Pylon, Photon Cannon  
  125  10:39  Pylon  
  83  11:38  Adept x3  
  83  11:39  Adept  
  81  11:40  Immortal  
  85  11:51  Gateway  
  85  11:52  Gateway  
  85  11:53  Blink  
  85  11:56  Gateway x2  
  85  12:00  Adept x3  
  85  12:01  Adept x2  
  95  12:17  Pylon  
  95  12:20  Probe  
  96  12:24  Assimilator  
  96  12:33  Stalker  
  96  12:34  Stalker x4  
  106  12:48  Templar Archives  
  106  12:53  Protoss Shields Level 2 (Chrono Boost)  
  106  12:58  Probe  
  107  13:09  Nexus  
  54  14:08  Adept x3  
  54  14:09  Adept x3  
  66  14:11  High Templar  
  66  14:12  High Templar  
  60  14:36  High Templar  
  62  14:38  High Templar  
  62  14:41  High Templar  
  62  14:44  High Templar  
  62  14:45  Archon x2  
  68  14:51  High Templar x2  
  68  14:52  High Templar  
  74  14:54  Archon  
  74  15:06  Zealot x2  
Show
View Real Time Build Order
Export as new Build Order

MrYellow Terran - Winner!

Build Orders: Reaper Expand, Bio Tank 

Get SALT Encoding   

  12  0:01  SCV  
  13  0:13  SCV  
  14  0:18  Supply Depot  
  14  0:25  SCV  
  15  0:40  SCV  
  15  0:42  Barracks  
  16  0:46  Refinery  
  16  0:52  SCV  
  17  1:04  SCV  
  18  1:17  SCV  
  19  1:29  Reaper  
  19  1:30  Orbital Command  
  20  1:47  Command Center  
  20  1:57  SCV  
  21  2:09  Factory  
  21  2:11  Marine  
  21  2:15  SCV  
  23  2:19  Supply Depot  
  23  2:36  Bunker  
  23  2:41  SCV  
  24  2:52  Marine, Command Center  
  24  2:53  SCV  
  24  2:55  Widow Mine  
  28  3:10  Marine, SCV  
  28  3:11  Refinery  
  30  3:24  Widow Mine  
  30  3:59  Starport  
  30  4:01  Orbital Command  
  30  4:08  Widow Mine  
  30  4:09  Marine  
  32  4:10  Orbital Command  
  32  4:14  SCV  
  34  4:18  Orbital Command  
  34  4:23  Barracks  
  34  4:27  Marine, SCV  
  34  4:34  SCV  
  34  4:37  Widow Mine  
  37  4:45  Marine  
  37  4:46  Medivac  
  37  4:51  SCV x3  
  43  5:03  SCV x2  
  46  5:08  Barracks  
  46  5:09  SCV  
  47  5:15  SCV x2, Barracks Tech Lab  
  47  5:16  Barracks Reactor  
  47  5:20  Medivac  
  50  5:25  Factory Tech Lab  
  50  5:35  Engineering Bay x2  
  50  5:37  SCV x2  
  50  5:38  SCV  
  52  5:42  Refinery  
  52  5:43  Refinery  
  52  5:49  Marine, SCV  
  55  5:50  SCV x2  
  56  6:01  SCV  
  57  6:07  Marine  
  58  6:14  Marine x2  
  58  6:15  Marine  
  61  6:19  Supply Depot  
  61  6:20  Supply Depot  
  61  6:28  SCV x2  
  61  6:32  Marine, SCV  
  61  6:36  Orbital Command  
  61  6:38  Marine x2  
  61  6:39  Marine  
  60  6:40  Siege Tank, SCV, Medivac  
  66  6:50  Marine  
  66  6:53  Terran Infantry Weapons Level 1, Terran Infantry Armor Level 1  
  67  6:56  Stimpack, Marine x2  
  67  6:57  Marine  
  70  7:07  SCV x2  
  70  7:08  Marine  
  73  7:09  SCV  
  73  7:10  Medivac  
  73  7:14  Marine  
  77  7:18  Barracks  
  77  7:19  Barracks  
  77  7:20  Barracks, Factory  
  77  7:21  Supply Depot  
  77  7:23  Supply Depot  
  77  7:25  Starport  
  77  7:42  Marine x2, SCV x3, Siege Tank, Missile Turret  
  85  7:44  Marine x2  
  85  7:48  Missile Turret  
  85  7:50  Missile Turret  
  87  7:54  SCV  
  87  7:55  SCV x2  
  90  8:00  Marine x2  
  90  8:02  Marine  
  93  8:07  Factory Tech Lab  
  93  8:08  Barracks Reactor  
  93  8:09  Barracks Tech Lab  
  93  8:11  Barracks Tech Lab  
  93  8:12  Supply Depot  
  93  8:16  Armory  
  93  8:20  Supply Depot  
  93  8:25  Supply Depot  
  93  8:34  Siege Tank, SCV x2  
  101  8:42  SCV  
  101  8:46  SCV, Marauder x3  
  101  8:47  Marine x3  
  112  8:48  Siege Tank  
  112  8:54  SCV  
  113  8:56  Combat Shields  
  113  9:00  Supply Depot  
  113  9:01  Marine x2  
  115  9:03  Medivac  
  115  9:09  Supply Depot  
  117  9:15  Supply Depot  
  117  9:22  Marine x4, SCV, Siege Tank  
  125  9:28  Supply Depot  
  125  9:30  SCV, Medivac  
  125  9:31  Supply Depot, Marauder x3  
  132  9:32  Refinery  
  132  9:34  Refinery  
  132  9:35  Supply Depot  
  132  9:36  Siege Tank, Medivac  
  137  9:45  Marine x4  
  140  9:50  Marine  
  140  9:52  Marauder x2  
  146  9:53  Marauder  
  146  9:54  Siege Tank  
  151  10:00  Terran Infantry Weapons Level 2  
  151  10:03  Marine x3  
  151  10:04  Terran Infantry Armor Level 2  
  154  10:08  Siege Tank  
  154  10:09  Supply Depot  
  154  10:11  Supply Depot  
  154  10:13  Marauder x2  
  161  10:14  Marauder  
  163  10:35  Marauder  
  164  10:45  Siege Tank x2  
  144  11:05  SCV x2  
  137  11:14  SCV  
  137  11:17  Siege Tank, SCV x2  
  137  11:18  Siege Tank  
  133  11:23  Marine  
  133  11:24  Marine x7  
  134  11:26  SCV  
  134  11:29  SCV x2  
  130  11:38  SCV  
  129  11:41  Marine, SCV x2  
  129  11:42  Marine x6  
  138  11:50  SCV  
  138  11:53  SCV x2  
  141  12:02  SCV  
  141  12:06  SCV x2  
  144  12:14  SCV  
  145  12:18  SCV  
  146  12:32  Terran Infantry Weapons Level 3, Terran Infantry Armor Level 3  
  146  12:33  Terran Vehicle Weapons Level 1  
  146  12:51  Command Center  
  146  12:53  Command Center  
  146  13:03  SCV x3  
  149  13:15  SCV x3  
  131  14:47  SCV  
  131  14:48  SCV  
  133  14:59  SCV  
  134  15:00  SCV  
Tags
 
Composition
Bio Tank
League
GoldGold
Matchup
PvT
Replay Pack
From the laptop
Spawn Locations
Cross Positions
Add a new tag
Caveats
  • Supply blocks, unpowered buildings, or Contaminate may cause inaccurate times.
  • Supply counts are checked every 10 seconds.